 Dungeon Crawl Stone Soup version 0.28-a0-730-g892d06d (webtiles) character file.

Game seed: 6347221928825318874

859 Arch the Shield-Bearer (level 8, 0/79 (90) HPs)
             Began as a Human Fighter on Oct 28, 2021.
             Was a Believer of Okawaru.
             Slain by a jelly (1 damage)
             ... on level 5 of the Dungeon.
             The game lasted 00:28:13 (3860 turns).

Arch the Shield-Bearer (Human Fighter)              Turns: 3860, Time: 00:28:14

HP:   0/79 (90)     AC: 16    Str: 17 (20) XL:     8   Next: 22%
MP:   8/8           EV:  2    Int:  6 (8)  God:    Okawaru [**....]
Gold: 157           SH: 10    Dex: 10 (12) Spells: 7/7 levels left

rFire   + . .      SeeInvis .   e - +2 mace (vorpal)
rCold   + . .      Faith    .   c - +0 buckler
rNeg    . . .      Spirit   .   (armour currently unavailable)
rPois   +          Reflect  +   (helmet currently unavailable)
rElec   +          Harm     .   (cloak currently unavailable)
rCorr   +          Rampage  .   (gloves currently unavailable)
Will    .....      NoTele   +   (boots currently unavailable)
Stlth   +.........              q - amulet of reflection
HPRegen 0.23/turn               g - ring of poison resistance
MPRegen 0.11/turn               (no ring)

@: brilliant, tree-form (expiring), resistant, corroded, attractive, heavily
drained
A: stationary, stasis, torment immunity, boosted hp, (fire resistance 1),
(sturdy frame 1)
a: Renounce Religion, Heroism


You were on level 5 of the Dungeon.
You worshipped Okawaru.
Okawaru was pleased with you.
You were a tree.
You visited 2 branches of the dungeon, and saw 6 of its levels.

You collected 157 gold pieces.

Inventory:

Hand Weapons
 a - a +0 long sword
 d - a +1 scythe of freezing
 e - a +2 vorpal mace (weapon)
Missiles
 j - 90 stones (quivered)
 s - 44 arrows
 t - 12 sling bullets
 w - 33 bolts
Armour
 b - a +0 scale mail
 c - a +0 buckler (worn)
 m - a +0 cloak (melded)
 v - a +0 chain mail (melded)
Jewellery
 g - a ring of poison resistance (left branch)
 l - an amulet of faith
 q - an amulet of reflection (around neck)
Wands
 A - a wand of paralysis (10)
Scrolls
 f - a scroll of teleportation
 h - a scroll of enchant weapon {unknown}
 i - a scroll of fear {unknown}
 x - 2 scrolls of identify {unknown}
 y - a scroll of vulnerability {unknown}
Potions
 n - a potion of berserk rage


   Skills:
 + Level 3.9 Fighting
 + Level 2.0 Long Blades
 + Level 4.4 Maces & Flails
 + Level 4.8 Armour
 + Level 2.4 Dodging
 + Level 1.0 Stealth
 + Level 5.7 Shields


You had 7 spell levels left.
You didn't know any spells.
Your spell library contained the following spells:

 Spells                   Type           Power      Damage    Failure   Level
 Beastly Appendage        Tmut           0%         N/A       45%         1
 Slow                     Hex            0%         N/A       58%         2
 Wereblood                Tmut           0%         N/A       58%         2
 Confusing Touch          Hex            0%         N/A       83%         3
 Frozen Ramparts          Ice            0%         1d2       83%         3
 Spider Form              Tmut/Pois      0%         N/A       83%         3
 Vampiric Draining        Necr           0%         2d6       83%         3
 Ice Form                 Ice/Tmut       0%         N/A       99%         4
 Fireball                 Conj/Fire      0%         3d3       100%        5
 Iskenderun's Battlesphe  Conj           0%         2d6       100%        5
 Conjure Ball Lightning   Conj/Air       0%         3x3d6     100%        6
 Orb of Destruction       Conj           0%         N/A       100%        7
 Summon Ice Beast         Ice/Summ       Unusable   N/A       N/A         4

Dungeon Overview and Level Annotations

Branches:
Dungeon (5/15)             Temple (1/1) D:5

Altars:
Ashenzari
Cheibriados
Dithmenos
Elyvilon
Fedhas
Gozag
Hepliaklqana
Kikubaaqudgha
Makhleb
Nemelex Xobeh
Okawaru
Qazlal
Ru
Sif Muna
Trog
Uskayaw
Vehumet
Wu Jian
Xom
Zin
The Shining One


Innate Abilities, Weirdness & Mutations

You are a tree.
Your roots penetrate the ground, keeping you stationary.
You cannot be teleported.
You are immune to unholy pain and torment.
Your maximum health is greatly increased.
Your equipment is partially melded.
((Your flesh is heat resistant. (rF+)))
((Your movements are slightly less encumbered by armour. (ER -2)))


Message History

The ogre is lightly wounded.
You block the ogre's attack. The jelly is attracted toward you.
The jelly quivers.
You hit the ogre.
The ogre is moderately wounded.
You block the ogre's attack.
You hit the ogre.
The ogre is heavily wounded.
The ogre completely misses you.
You sock the ogre!
The ogre is almost dead.
The ogre hits you with a +0 giant club.
* * * LOW HITPOINT WARNING * * *
You hit the ogre.
You kill the ogre!
Okawaru accepts your kill.
You feel your dexterity returning.
You hit the jelly. The acid corrodes you!
Your branches burn!
* * * LOW HITPOINT WARNING * * *
The jelly is heavily wounded.
The jelly barely misses you.
You hit the jelly but do no damage.
Your branches burn!
* * * LOW HITPOINT WARNING * * *
The jelly is heavily wounded.
Your transformation is almost over.
The jelly hits you but does no damage.
You hit the jelly but do no damage. The acid corrodes you!
Your branches burn!
* * * LOW HITPOINT WARNING * * *
The jelly is heavily wounded.
You block the jelly's attack.
As you read the scroll labelled JYORCH NOOM, it crumbles to dust.
You feel a strange sense of stasis.
It was a scroll of teleportation.
The jelly hits you but does no damage.
You hit the jelly but do no damage.
Your branches burn!
* * * LOW HITPOINT WARNING * * *
The jelly is heavily wounded.
You block the jelly's attack.
You feel protected. The jelly hits you.
You die...

#..# ### ... .. # ..#..
#.#.#. ##.#.. #....## #..#
........ ##J# .......#
#.##♣# .......# ...##.#
....... ..# #.### ......#
...# #...########
#.##.#####..######........#
......#.............#######
.........#.#######..#
...⌠..#....# ##.#
......#.#### #.#


You could see a jelly.

Vanquished Creatures
  Sigmund (D:2)
  A water moccasin (D:3)
  An ogre (D:5)
  A necrophage (D:4)
  A kobold brigand (D:3)
  A centaur zombie (D:5)
  3 hounds (D:5)
  A jelly (D:4)
  Jessica (D:2)
  2 iguanas (D:5)
  An orc wizard (D:5)
  A howler monkey zombie (D:5)
  An adder (D:2)
  2 ufetubi
  A worm (D:3)
  A dart slug (D:2)
  5 orcs
  4 ball pythons
  4 endoplasms
  2 giant cockroaches (D:1)
  5 goblins
  6 hobgoblins
  3 jackals (D:5)
  4 quokkas
  2 bats
  2 frilled lizards
  13 kobolds
  4 rats
  A spectral goblin (D:1)
  A bush (D:2)
76 creatures vanquished.

Vanquished Creatures (others)
  A kobold (D:3)
  6 plants (D:2)
7 creatures vanquished.

Grand Total: 83 creatures vanquished

Notes
Turn   | Place    | Note
-------+----------+-------------------------------------------
     0 | D:1      | Arch the Human Fighter began the quest for the Orb.
     0 | D:1      | Reached XP level 1. HP: 18/18 MP: 1/1
    65 | D:1      | Reached XP level 2. HP: 17/24 MP: 2/2
   316 | D:1      | Found a faded altar of an unknown god.
   373 | D:1      | Prayed at the altar of an unknown god.
   373 | D:1      | Became a worshipper of Warmaster Okawaru
   373 | D:1      | Reached * piety under Okawaru
   511 | D:1      | Gained mutation: Your movements are slightly less
                  | encumbered by armour. (ER -2) [potion of mutation]
   511 | D:1      | Gained mutation: Your flesh is heat resistant. (rF+)
                  | [potion of mutation]
   563 | D:1      | Reached XP level 3. HP: 26/29 MP: 3/3
   792 | D:2      | Noticed Sigmund
   849 | D:2      | Killed Sigmund
   849 | D:2      | Reached ** piety under Okawaru
   850 | D:2      | Reached skill level 1 in Dodging
   850 | D:2      | Reached skill level 4 in Shields
   850 | D:2      | Reached XP level 4. HP: 4/35 MP: 4/4
   850 | D:2      | Reached XP level 5. HP: 5/41 MP: 5/5
   850 | D:2      | Reached XP level 6. HP: 5/47 MP: 6/6
  1191 | D:2      | Noticed Jessica
  1197 | D:2      | Killed Jessica
  2536 | D:4      | Noticed a water moccasin
  2569 | D:3      | Killed a water moccasin
  2570 | D:3      | Reached XP level 7. HP: 36/53 MP: 7/7
  3199 | D:5      | Entered Level 5 of the Dungeon
  3218 | D:5      | Found a staircase to the Ecumenical Temple.
  3237 | D:5      | Reached skill level 1 in Stealth
  3244 | D:5      | Reached skill level 5 in Shields
  3436 | Temple   | Entered the Ecumenical Temple
  3793 | D:5      | Reached XP level 8. HP: 28/45 MP: 8/8
  3857 | D:5      | HP: 3/79 [acid (2)]
  3859 | D:5      | HP: 1/79 [acid (3)]
  3860 | D:5      | Slain by a jelly

Illustrated notes

Levels and vault maps discovered:
D:1:      mrwooster_arrival_statue_2, layout_rooms,
          dreamdust_ecumenical_altar_drowned_temple
D:2:      layout_rooms, serial_forest, infiniplex_forest_lined_2,
          infiniplex_forest_clump_medium, infiniplex_forest_clump_long,
          infiniplex_forest_end_3, infiniplex_forest_clump_medium,
          infiniplex_forest_end_double, infiniplex_forest_clump_curved,
          infiniplex_forest_straight_2, kennysheep_small_spiral,
          glass_columns_b, uniq_terence, uniq_jessica, uniq_sigmund
D:3:      cheibrodos_thug_alley, layout_basic, serial_corexii_hall,
          corexii_hall_statues_x, corexii_hall_statues_t,
          corexii_hall_statues_i, corexii_hall_statues_s, glass_columns_b
D:4:      layout_rooms, st_stairs_8
D:5:      layout_rooms, dk_yredelemnul_ordeal, minmay_temple_entry_large_hall
Temple:   nicolae_temple_the_god_donut

Skill      XL: |  1  2  3  4  5  6  7  8 |
---------------+-------------------------+-----
Maces & Flails | 2 3 4 |  4.4
Armour         | 4 |  4.8
Dodging        | 1 2 |  2.4
Shields        | 4 5 |  5.7
Stealth        | 1 |  1.0
Fighting       | |  3.9
Long Blades    | |  2.0

Action                   |  1- 3 |  4- 6 |  7- 9 || total
-------------------------+-------+-------+-------++-------
Melee: Mace              |    57 |   146 |   110 ||   313
  Use: Potion            |     3 |     5 |     6 ||    14
       Scroll            |       |       |     1 ||     1
Armor: Scale mail        |    31 |     3 |       ||    34
       Chain mail        |       |    56 |    59 ||   115
       Skin              |       |       |     8 ||     8
Dodge: Dodged            |    38 |    80 |    47 ||   165
Block: Buckler           |    27 |    74 |    58 ||   159
       Reflection        |       |     2 |       ||     2

Table legend: (Time is in decaauts)
 A = Elapsed time spent in this place.
 B = Non-inter-level travel time spent in this place.
 C = Inter-level travel time spent in this place.
 D = Time resting spent in this place.
 E = Time spent auto-exploring this place.
 F = Levels seen in this place.
 G = Mean time per level.
                   A        B        C        D        E       F      G
               +--------+--------+--------+--------+--------+-----+--------+
         Total |   3968 |   3968 |      0 |   1007 |    406 |   6 |  661.3 |
       Dungeon |   3696 |   3696 |      0 |   1007 |    221 |   5 |  739.2 |
        Temple |    271 |    271 |      0 |      0 |    185 |   1 |  271.0 |
               +--------+--------+--------+--------+--------+-----+--------+

Top non-repeatable levels by time:
     D:3: 1293 daAuts
     D:1: 750 daAuts
     D:2: 714 daAuts
     D:4: 531 daAuts
     D:5: 407 daAuts
  Temple: 271 daAuts
